 Dungeon Crawl Stone Soup version 0.29.0-4-gdea44cf6ec (webtiles) character file.

Game seed: 7450975775925327062

103 qw the Chopper (level 4, -3/26 HPs)
             Began as a Tengu Warper on Aug 28, 2022.
             Slain by Ijyb
             ... wielding a +1 spectral club
              (4 damage)
             ... on level 3 of the Dungeon.
             The game lasted 00:00:19 (2780 turns).

qw the Chopper (Tengu Warper)                       Turns: 2780, Time: 00:00:20

Health: -3/26      AC:  8    Str: 14    XL:     4   Next: 79%
Magic:  8/8        EV:  6    Int: 13    God:
Gold:   38         SH:  0    Dex: 13    Spells: 7/7 levels left

rFire   . . .      SeeInvis .   Y - +0 hand axe
rCold   . . .      Faith    .   (no shield)
rNeg    . . .      Spirit   .   j - +0 chain mail
rPois   .          Reflect  .   (helmet restricted)
rElec   .          Harm     .   (no cloak)
rCorr   .          Rampage  .   (no gloves)
Will    .....                   (boots unavailable)
Stlth   ..........              (no amulet)
HPRegen 0.08/turn               (no ring)
MPRegen 0.11/turn               (no ring)

@: no status effects
A: beak, talons 3
a: no special abilities


You were on level 3 of the Dungeon.
You visited 1 branch of the dungeon, and saw 3 of its levels.

You collected 112 gold pieces.
You spent 74 gold pieces at shops.


Innate Abilities, Weirdness & Mutations

You have a beak for a mouth.
You have claws for feet.


   Skills:
 - Level 2.0 Fighting
 + Level 5.3 Axes
 - Level 1.0 Throwing
 - Level 1.1 Armour
 - Level 2.1 Dodging
 - Level 2.0 Spellcasting
 - Level 2.4 Translocations


You had 7 spell levels left.
You didn't know any spells.
Your spell library contained the following spells:

 Spells                   Type           Power      Damage    Failure   Level
 Blink                    Tloc           14%        N/A       99%         2
 Gell's Gravitas          Tloc           7%         N/A       100%        3
 Lesser Beckoning         Tloc           7%         N/A       100%        3
 Teleport Other           Tloc           7%         N/A       100%        3
 Manifold Assault         Tloc           7%         N/A       100%        5

Inventory:

Hand Weapons
 d - a +0 flail
 Y - a +0 hand axe (weapon)
Missiles
 e - a silver boomerang (quivered)
 h - 3 boomerangs
Armour
 a - a +0 cloak
 j - a +0 chain mail (worn)
Scrolls
 c - a scroll of identify
Potions
 b - a potion of cancellation {unknown}
 i - a potion of mutation
 k - 2 potions of flight {unknown}
 m - a potion of resistance {unknown}

Dungeon Overview and Level Annotations

Branches:
Dungeon (3/15)

Altars:
Gozag
Wu Jian

Shops:
D:2 ![[[*

Annotations:
D:3 Ijyb


Message History

Ijyb closely misses you. Ijyb hits you with a +1 spectral club.
You see here a +0 club.
You hit Ijyb. Your kick misses Ijyb.
Ijyb is moderately wounded.
Ijyb hits you but does no damage.
You hit Ijyb.
Ijyb is moderately wounded.
Ijyb barely misses you.
You bump into the rock wall.
You feel less confused. Ijyb hits you but does no damage.
You hit Ijyb. Your kick misses Ijyb.
Ijyb is heavily wounded.
Ijyb barely misses you.
You miss Ijyb. You claw Ijyb. You peck Ijyb, but do no damage.
Ijyb is severely wounded.
Ijyb hits you but does no damage.
You hit Ijyb. You claw Ijyb, but do no damage.
Ijyb is severely wounded.
Ijyb hits you with a +1 spectral club.
You closely miss Ijyb. You peck Ijyb, but do no damage.
Ijyb is severely wounded.
Ijyb hits you but does no damage.
You closely miss Ijyb. Your kick misses Ijyb.
Ijyb is severely wounded.
Ijyb hits you with a +1 spectral club.
You hit Ijyb. Your peck misses Ijyb.
Ijyb is almost dead.
Ijyb hits you but does no damage.
You closely miss Ijyb. You claw Ijyb. Your peck misses Ijyb.
Ijyb is almost dead.
Ijyb hits you with a +1 spectral club.
You closely miss Ijyb.
Ijyb is almost dead.
Ijyb hits you with a +1 spectral club.
You closely miss Ijyb. You peck Ijyb.
Ijyb is almost dead.
Ijyb hits you with a +1 spectral club.
You die...

..>.#.# #.# #.##.## #.#
#.##.# #.#
#.##.######.##############
#.##..................>..#
#......####.############.#
#..###.####.### #.# ...#
#.%.....<##########.###
#..###......#.#.@..........#
##.....######.#g########.#.#
####### #.#.# #.#.# #.#.#
#.#.# #.#.# #.#.# #.#.# ###
#.#.# #.... ..# #.#.# ##
###.# #.# #.#.# .# #.# #.#.#


You could see Ijyb.

Vanquished Creatures
  3 adders
  3 worms
  3 dart slugs
  8 ball pythons
  2 endoplasms
  2 giant cockroaches
  2 goblins
  9 hobgoblins
  3 jackals (D:1)
  7 kobolds
  A quokka (D:1)
  11 bats
  2 frilled lizards (D:1)
  4 rats
60 creatures vanquished.

Vanquished Creatures (others)
  81 plants (D:1)
81 creatures vanquished.

Grand Total: 141 creatures vanquished

Notes
Turn   | Place    | Note
-------+----------+-------------------------------------------
     0 | D:1      | qw the Tengu Warper began the quest for the Orb.
     0 | D:1      | Reached XP level 1. HP: 12/12 MP: 4/4
     0 | D:1      | 0 ||| qw: Version: 0.1-a-89-g26bdef1
     0 | D:1      | 0 ||| qw: Game counter: 1314
     0 | D:1      | 0 ||| qw: Always use a shield: true
     0 | D:1      | 0 ||| qw: God list: Okawaru
     0 | D:1      | 0 ||| qw: Allow faded altars: false
     0 | D:1      | 0 ||| qw: Do Orc after D:15 true
     0 | D:1      | 0 ||| qw: Do second Lair branch before Depths: true
     0 | D:1      | 0 ||| qw: Lair rune preference: random
     0 | D:1      | 0 ||| qw: Plans: Normal
     0 | D:1      | 0 ||| PLANNING D:1-11
    56 | D:1      | 56 ||| Stepping ~*~*~tactically~*~*~ (hiding).
   100 | D:1      | 100 ||| Stepping ~*~*~tactically~*~*~ (hiding).
   108 | D:1      | Reached skill level 3 in Axes
   108 | D:1      | Reached XP level 2. HP: 14/17 MP: 6/6
   258 | D:1      | 258 ||| DROPPING +0 club.
   313 | D:1      | Found a faded altar of an unknown god.
   459 | D:1      | Reached XP level 3. HP: 15/21 MP: 7/7
   687 | D:1      | Reached skill level 4 in Axes
   822 | D:1      | 822 ||| Stepping ~*~*~tactically~*~*~ (hiding).
   939 | D:1      | 939 ||| Stepping ~*~*~tactically~*~*~ (stealth).
   940 | D:1      | 940 ||| Stepping ~*~*~tactically~*~*~ (stealth).
  1044 | D:1      | 1044 ||| UPGRADING to +0 ring mail.
  1054 | D:1      | 1054 ||| DROPPING +0 leather armour.
  1055 | D:1      | 1055 ||| DROPPING +6 ring of intelligence.
  1056 | D:1      | 1056 ||| READING 2 scrolls labelled SICUPTEZUM.
  1057 | D:1      | 1057 ||| READING scroll labelled KOLAOF KIOKH.
  1061 | D:1      | 1061 ||| READING scroll labelled UPLU NEMIOPHAN.
  1177 | D:1      | 1177 ||| READING scroll labelled YNABRAQ WUASITAL.
  1178 | D:1      | 1178 ||| DRINKING 2 sapphire potions.
  1179 | D:1      | 1179 ||| DROPPING scroll of magic mapping.
  1180 | D:1      | 1180 ||| DROPPING scroll of blinking.
  1194 | D:2      | Found Hoobydgh's Distillery.
  1210 | D:2      | 1210 ||| SHOPLISTING potion of haste (140 gold, have 22).
  1210 | D:2      | 1210 ||| SHOPLISTING potion of heal wounds (70 gold, have
                  | 22).
  1210 | D:2      | 1210 ||| SHOPLISTING potion of might (56 gold, have 22).
  1235 | D:2      | Found Disif's Armour Boutique.
  1238 | D:2      | 1238 ||| SHOPLISTING +0 pair of gloves of dexterity (115
                  | gold, have 22).
  1238 | D:2      | 1238 ||| SHOPLISTING +0 plate armour (230 gold, have 22).
  1238 | D:2      | 1238 ||| SHOPLISTING +1 cloak of poison resistance (135
                  | gold, have 22).
  1238 | D:2      | 1238 ||| SHOPLISTING +1 plate armour of fire resistance
                  | (350 gold, have 22).
  1541 | D:2      | Found an opulent altar of Gozag.
  1640 | D:2      | Reached XP level 4. HP: 26/26 MP: 8/8
  1685 | D:2      | Found Hughuih's Armour Shoppe.
  1691 | D:2      | 1691 ||| SHOPLISTING +0 buckler of reflection (102 gold,
                  | have 83).
  1691 | D:2      | 1691 ||| BUYING +0 chain mail (54 gold).
  1691 | D:2      | Bought a +0 chain mail for 54 gold pieces
  1691 | D:2      | 1691 ||| SHOPLISTING +2 tower shield of positive energy
                  | (222 gold, have 29).
  1710 | D:2      | Found Uhen's Antique Armour Shop.
  1719 | D:2      | 1719 ||| SHOPLISTING buckler (81 gold, have 29).
  1719 | D:2      | 1719 ||| SHOPLISTING shiny scale mail (126 gold, have 29).
  1756 | D:2      | Found Byiforol's General Store.
  1764 | D:2      | 1764 ||| SHOPLISTING +0 plate armour (230 gold, have 29).
  1764 | D:2      | 1764 ||| SHOPLISTING +0 war axe (35 gold, have 29).
  1764 | D:2      | 1764 ||| SHOPLISTING +5 ring mail of Salvation {+Inv rC++
                  | Str-4 Int-2} (479 gold, have 29).
  1764 | D:2      | 1764 ||| BUYING scroll of identify (20 gold).
  1764 | D:2      | Bought a scroll of identify for 20 gold pieces
  1764 | D:2      | 1764 ||| SHOPLISTING scroll of teleportation (30 gold, have
                  | 9).
  2082 | D:2      | 2082 ||| UPGRADING to +0 chain mail.
  2092 | D:2      | 2092 ||| DROPPING +0 ring mail.
  2093 | D:2      | 2093 ||| READING scroll labelled GIATEETULORI.
  2094 | D:2      | 2094 ||| READING scroll labelled CISUSAODDO.
  2095 | D:2      | 2095 ||| READING 2 scrolls of identify.
  2095 | D:2      | 2095 ||| IDENTIFYING metallic blue potion
  2096 | D:2      | 2096 ||| DROPPING potion of lignification.
  2193 | D:3      | Reached skill level 5 in Axes
  2327 | D:3      | 2327 ||| Stepping ~*~*~tactically~*~*~ (stealth).
  2461 | D:3      | Found an ornate altar of the Wu Jian Council.
  2702 | D:3      | 2702 ||| Stepping ~*~*~tactically~*~*~ (stealth).
  2744 | D:3      | Noticed Ijyb
  2745 | D:3      | 2745 ||| Stepping ~*~*~tactically~*~*~ (hiding).
  2746 | D:3      | 2746 ||| Stepping ~*~*~tactically~*~*~ (hiding).
  2774 | D:3      | HP: 5/26 [Ijyb/+1 spectral club (4)]
  2778 | D:3      | HP: 2/26 [Ijyb/+1 spectral club (2)]
  2780 | D:3      | Slain by Ijyb

Levels and vault maps discovered:
D:1:      roderic_crop_circles_arrival_small, layout_rooms,
          hellmonk_ecumenical_altar_crossroads, hex_medium
D:2:      layout_loops_ring, basic_altar, serial_shops, nicolae_shop_stone,
          shop, shop_statue, shop, shop, kennysheep_generic_room_14
D:3:      layout_loops_ring, pdpol_wu_jian_five_deadly_venoms, uniq_ijyb,
          uniq_grinder, uniq_sigmund

Skill      XL: |  1  2  3  4 |
---------------+-------------+-----
Axes           | 3 4 5 |  5.3
Fighting       | |  2.0
Throwing       | |  1.0
Armour         | |  1.1
Dodging        | |  2.1
Spellcasting   | |  2.0
Translocations | |  2.4

Action                   |  1- 3 |  4- 6 || total
-------------------------+-------+-------++-------
Melee: Hand axe          |    98 |    56 ||   154
       Kick              |    19 |    13 ||    32
       Peck              |    10 |    13 ||    23
Throw: Boomerang         |    13 |    10 ||    23
  Use: Scroll            |     4 |     3 ||     7
       Potion            |     1 |       ||     1
Armor: Leather armour    |    20 |       ||    20
       Ring mail         |     6 |     6 ||    12
       Chain mail        |       |    22 ||    22
Dodge: Dodged            |    52 |    16 ||    68

Table legend:
 A = Non-vault XP
 B = Vault XP
 C = Vault XP percentage of total XP
 D = Non-vault monster count
 E = Vault monster count
 F = Vault count percentage of total count
                 A         B        C        D         E       F
            +---------+---------+-------+---------+---------+-------
      Total |     135 |      13 |   8.8 |      59 |       1 |   1.7
            +---------+---------+-------+---------+---------+-------
        D:1 |      57 |       0 |   0.0 |      33 |       0 |   0.0
        D:2 |      32 |      13 |  28.9 |      16 |       1 |   5.9
        D:3 |      46 |       0 |   0.0 |      10 |       0 |   0.0
            +---------+---------+-------+---------+---------+-------
